 Dungeon Crawl Stone Soup version 0.24-a0-445-gd5110b030a (webtiles) character file.

Game seed: 2326483982550588688

27330 theanonym the Grappler (level 13, -7/113 HPs)
             Began as a Purple Draconian Transmuter on June 22, 2019.
             Was a High Priest of Cheibriados.
             Mangled by a death yak (18 damage)
             ... on level 4 of the Lair of Beasts.
             The game lasted 00:31:55 (17447 turns).

theanonym the Grappler (DrTm)                      Turns: 17447, Time: 00:31:56

Health: -7/113     AC: 11    Str: 27    XL:     13   Next: 3%
Magic:  14/21      EV: 20    Int: 33    God:    Cheibriados [*****.]
Gold:   362        SH:  0    Dex: 25    Spells: 9/23 levels left

rFire    x . .     SeeInvis .     - Unarmed
rCold    + . .     Gourm    +   (shield currently unavailable)
rNeg     . . .     Faith    .   (armour unavailable)
rPois    +         Spirit   .   (helmet restricted)
rElec    .         Reflect  .   E - +2 cloak {MR+}
rCorr    .         Harm     .   (gloves currently unavailable)
MR       ++...                  (no boots)
Stlth    ++........             p - amulet of the gourmand
HPRegen  1.28/turn              f - ring of ice
MPRegen  0.17/turn              B - ring of poison resistance

@: short of breath, blade hands, regenerating, very slow
A: breathe power, unfitting armour, cold-blooded, AC +8
a: Breathe Dispelling Energy, End Transformation, Bend Time, Temporal
Distortion, Slouch, Step From Time, Renounce Religion


Innate Abilities, Weirdness & Mutations

You can breathe bolts of dispelling energy.
Your rich purple scales are hard. (AC +8)
You cannot fit into any form of body armour.
You are cold-blooded and may be slowed by cold attacks.


   Skills:
 + Level 10.1 Fighting
 + Level 7.8 Dodging
 * Level 12.0 Unarmed Combat
 + Level 5.8 Spellcasting
 - Level 3.0 Charms
 - Level 3.0 Necromancy
 - Level 10.1 Transmutations
 - Level 5.0 Ice Magic
 + Level 7.1 Invocations


You had 9 spell levels left.
You knew the following spells:

 Your Spells              Type           Power        Failure   Level  Hunger
a - Blade Hands           Tmut           ######....   21%         5    #####..
b - Ice Form              Ice/Tmut       ######..     21%         4    ##.....
c - Sticks to Snakes      Tmut           ######..     7%          2    None
r - Regeneration          Chrm/Necr      ####......   28%         3    None

Your spell library contained the following spells:

 Spells                   Type           Power        Failure   Level  Hunger
 Beastly Appendage        Tmut           ######       6%          1    None
 Freeze                   Ice            ####         12%         1    None
 Animate Skeleton         Necr           N/A          17%         1    None
 Pain                     Necr           ####         17%         1    None
 Spider Form              Tmut/Pois      #####.....   19%         3    None
 Throw Frost              Conj/Ice       #####.       22%         2    None
 Ozocubu's Armour         Chrm/Ice       ######..     24%         3    None
 Vampiric Draining        Necr           ####......   28%         3    None
 Confusing Touch          Hex            #.....       30%         1    None
 Flame Tongue             Conj/Fire      #....        30%         1    None
 Petrify                  Tmut/Erth      #####...     34%         4    ##.....
 Throw Flame              Conj/Fire      #.....       38%         2    None
 Confuse                  Hex            #.......     52%         3    None
 Conjure Flame            Conj/Fire      #.......     52%         3    None
 Gell's Gravitas          Tloc           #.........   52%         3    None
 Inner Flame              Hex/Fire       #.......     52%         3    None
 Animate Dead             Necr           N/A          52%         4    ##.....
 Summon Ice Beast         Ice/Summ       #####...     56%         4    ##.....
 Throw Icicle             Conj/Ice       #####...     56%         4    ##.....
 Yara's Violent Unravell  Hex/Tmut       #####.....   56%         5    #####..
 Sticky Flame             Conj/Fire      #.......     82%         4    ##.....
 Metabolic Englaciation   Hex/Ice        #####.....   82%         5    #####..
 Fireball                 Conj/Fire      #.........   97%         5    #####..

Skill      XL: |  1  2  3  4  5  6  7  8  9 10 11 12 13 |
---------------+----------------------------------------+-----
Transmutations | 3 4 5 6 7 8 9 10 | 10.1
Unarmed Combat | 4 5 6 7 8 10 11 12 | 12.0
Spellcasting   | 3 4 5 |  5.8
Fighting       | 3 4 5 7 8 10 | 10.1
Ice Magic      | 2 3 4 5 |  5.0
Charms         | 2 3 |  3.0
Necromancy     | 1 2 3 |  3.0
Dodging        | 3 4 6 7 |  7.8
Invocations    | 1 5 7 |  7.1

Action                   |  1- 3 |  4- 6 |  7- 9 | 10-12 | 13-15 || total
-------------------------+-------+-------+-------+-------+-------++-------
Melee: Unarmed           |   116 |   316 |   368 |   378 |     8 ||  1186
       Tailslap          |     5 |    23 |    29 |    64 |     3 ||   124
       Headbutt          |     4 |    15 |       |       |       ||    19
       Kick              |     3 |    20 |     4 |       |       ||    27
       Punch             |     2 |     8 |    14 |    20 |     1 ||    45
 Cast: Beastly Appendage |     5 |    22 |     5 |       |       ||    32
       Sticks to Snakes  |       |     7 |     4 |       |       ||    11
       Blade Hands       |       |       |    31 |    45 |       ||    76
       Regeneration      |       |       |    14 |    39 |       ||    53
       Ice Form          |       |       |     1 |     6 |       ||     7
 Abil: Breathe Dispellin |       |       |       |     9 |       ||     9
       End Transformatio |       |       |       |     2 |       ||     2
Evoke: Wand              |       |       |       |     5 |       ||     5
  Use: Scroll            |       |     9 |     6 |    10 |       ||    25
       Potion            |       |     3 |     1 |     2 |     1 ||     7
 Stab: Sleeping          |     1 |       |       |     1 |       ||     2
       Invisible         |       |     5 |       |     3 |       ||     8
       Paralysed         |       |       |       |     6 |       ||     6
  Eat: Chunk             |     1 |     9 |    12 |    31 |       ||    53
       Ration            |       |       |     5 |     1 |       ||     6
Armor: Skin              |    30 |   113 |    96 |   105 |     1 ||   345
Dodge: Dodged            |    76 |   254 |   221 |   329 |     1 ||   881

Inventory:

Missiles
 a - 213 arrows
 F - 2 throwing nets (quivered)
Armour
 r - a +0 pair of boots
 s - a +2 pair of gloves of dexterity (melded)
 C - a scarf of repulsion
 E - a +2 cloak of magic resistance (worn)
Jewellery
 f - a ring of ice (left scythe-like blade)
 p - an amulet of the gourmand (around neck)
 B - a ring of poison resistance (right scythe-like blade)
 I - a +5 ring of intelligence {unknown}
Wands
 d - a wand of digging (8)
 k - a wand of flame (30)
 x - a wand of paralysis (5)
 D - a wand of iceblast (10)
Scrolls
 i - 2 scrolls of amnesia
 n - 5 scrolls of remove curse
 t - 7 scrolls of teleportation
 y - 2 scrolls of magic mapping
 A - a scroll of enchant armour
Potions
 b - a potion of resistance
 c - a potion of lignification
 g - a potion of cancellation {unknown}
 h - 10 potions of flight
 j - a potion of mutation {unknown}
 l - a potion of haste {unknown}
 m - 4 potions of might
 o - 2 potions of magic
 q - 4 potions of heal wounds
 u - a potion of ambrosia {unknown}
 v - a potion of agility {unknown}
 w - 3 potions of curing
 z - a potion of brilliance {unknown}
Miscellaneous
 G - a box of beasts
Comestibles
 e - 34 rations
 H - 6 chunks of flesh


You were on level 4 of the Lair of Beasts.
You worshipped Cheibriados.
Cheibriados was extremely pleased with you.
You were completely stuffed.
You had blades for hands.
You visited 2 branches of the dungeon, and saw 14 of its levels.
You also visited: Sewer and Gauntlet.

You collected 885 gold pieces.
You spent 523 gold pieces at shops.

Dungeon Overview and Level Annotations

Branches:
Dungeon (10/15)            Temple (0/1) D:7            Lair (4/6) D:10
  Swamp (0/4) Lair:2        Snake (0/4) Lair:4
    Orc: D:9-12

Altars:
Cheibriados
Elyvilon
Fedhas
Gozag
Makhleb
Vehumet

Shops:
D:9 ([*}

Annotations:
Lair:1 1 transporter

..............#**,.,*#### ##.#
....P.#.#...P## ##.###P.# ####.##
P.#.#..##...##**#..##..P###.#...#
###....##.....,,.......<.........
.#......)....#####.....####.##..P
..............##.....##* ##.#..#
..............##.....# ##...#
#....................# ###..#
...............#@....# #.#...
...............Y##.#.# *#....
...............####..#### #....
..##...#.......#####..#P### #.##.
...P.#......(...#......(..######.
*,,,,,.#...##........###.###.....
,,,,,,*#..,,####.P...# #.# #.....
,,,,,,?..,,*,**#....## #.###.P##.
,,,,,,.P,,*,,,#......###..##.###.


You could see a death yak.

Notes
Turn   | Place    | Note
-------+----------+-------------------------------------------
     0 | D:1      | theanonym the Draconian Transmuter began the quest for the
                  | Orb.
     0 | D:1      | Reached XP level 1. HP: 16/16 MP: 3/3
   164 | D:1      | Reached XP level 2. HP: 23/23 MP: 5/5
   233 | D:1      | HP: 11/23 [hobgoblin (1)]
   395 | D:1      | Learned a level 2 spell: Sticks to Snakes
   563 | D:1      | Reached XP level 3. HP: 24/28 MP: 6/6
   812 | D:2      | Reached skill level 3 in Transmutations
   866 | D:2      | Reached skill level 4 in Unarmed Combat
   869 | D:2      | HP: 14/28 [poisoned by a worker ant]
   876 | D:2      | HP: 13/28 [poisoned by a worker ant]
   884 | D:2      | HP: 12/28 [poisoned by a worker ant]
  1136 | D:2      | Reached XP level 4. HP: 35/35 MP: 7/7
  1913 | D:2      | HP: 17/35 [orc priest/+0 whip (3)]
  1914 | D:2      | Reached skill level 4 in Transmutations
  1914 | D:2      | Reached XP level 5. HP: 20/40 MP: 1/8
  2152 | D:3      | Learned a level 5 spell: Blade Hands
  2620 | D:4      | Found an opulent altar of Gozag.
  2620 | D:4      | Found a burning altar of Makhleb.
  2620 | D:4      | Found a white marble altar of Elyvilon.
  2622 | D:4      | Noticed Edmund
  2637 | D:4      | HP: 16/40 [Edmund/+2 flail of holy wrath (6)]
  2642 | D:4      | Killed Edmund
  2642 | D:4      | Reached skill level 5 in Unarmed Combat
  2642 | D:4      | Reached XP level 6. HP: 20/47 MP: 2/10
  2852 | D:4      | Found a glowing drain.
  2857 | Sewer    | Entered a sewer
  3256 | Sewer    | Reached skill level 3 in Spellcasting
  3601 | D:4      | Reached skill level 5 in Transmutations
  3629 | D:4      | HP: 23/48 [worker ant (2)]
  3633 | D:4      | Your scales start taking on a rich purple colour.
  3633 | D:4      | Reached XP level 7. HP: 19/53 MP: 12/12
  3634 | D:4      | HP: 17/53 [poisoned by a worker ant]
  3639 | D:4      | HP: 12/53 [poisoned by a worker ant]
  3644 | D:4      | HP: 8/53 [poisoned by a worker ant]
  3649 | D:4      | HP: 5/53 [poisoned by a worker ant]
  3656 | D:4      | HP: 4/53 [poisoned by a worker ant]
  3663 | D:4      | HP: 3/53 [poisoned by a worker ant]
  3671 | D:4      | HP: 2/53 [poisoned by a worker ant]
  3974 | D:4      | Learned a level 4 spell: Ice Form
  4001 | D:4      | Reached skill level 2 in Fighting
  4001 | D:4      | Reached skill level 4 in Spellcasting
  4210 | D:4      | Reached skill level 1 in Ice Magic
  4219 | D:4      | Noticed Robin
  4303 | D:4      | Killed Robin
  4747 | D:5      | Entered Level 5 of the Dungeon
  4761 | D:5      | Reached skill level 6 in Unarmed Combat
  4762 | D:5      | HP: 28/56 [orc/+0 mace (9)]
  4967 | D:4      | Reached skill level 3 in Fighting
  5091 | D:4      | Reached skill level 2 in Ice Magic
  5091 | D:4      | Reached XP level 8. HP: 51/63 MP: 8/15
  5516 | D:5      | Reached skill level 5 in Spellcasting
  5531 | D:5      | Learned a level 3 spell: Regeneration
  5839 | D:5      | Found a radiant altar of Vehumet.
  5988 | D:5      | Found a snail-covered altar of Cheibriados.
  6005 | D:5      | Became a worshipper of Cheibriados the Contemplative
  6060 | D:6      | HP: 33/66 [orc/+0 whip (7)]
  6157 | D:6      | Reached skill level 1 in Charms
  6157 | D:6      | Reached skill level 1 in Necromancy
  6157 | D:6      | Reached skill level 6 in Transmutations
  6198 | D:6      | Reached skill level 7 in Unarmed Combat
  6228 | D:6      | Reached skill level 4 in Fighting
  6244 | D:6      | Reached skill level 3 in Ice Magic
  6367 | D:6      | Reached skill level 2 in Charms
  6398 | D:6      | Reached * piety under Cheibriados
  6417 | D:6      | Reached XP level 9. HP: 58/72 MP: 13/16
  6505 | D:6      | Reached skill level 2 in Necromancy
  7139 | D:7      | Noticed Menkaure
  7142 | D:7      | Killed Menkaure
  7142 | D:7      | Reached skill level 2 in Dodging
  7218 | D:7      | Reached ** piety under Cheibriados
  7220 | D:7      | Reached skill level 8 in Unarmed Combat
  7317 | D:7      | Reached skill level 5 in Fighting
  7320 | D:7      | HP: 37/74 [killer bee (4)]
  7325 | D:7      | HP: 35/74 [killer bee (6)]
  7773 | D:7      | Reached skill level 4 in Ice Magic
  7779 | D:7      | Found a staircase to the Ecumenical Temple.
  8426 | D:8      | Reached skill level 7 in Transmutations
  8430 | D:8      | Reached skill level 3 in Dodging
  8453 | D:8      | HP: 23/74 [orc warrior/+0 short sword (15)]
  8454 | D:8      | HP: 9/74 [orc warrior/+0 short sword (13)]
  8459 | D:8      | HP: 6/74 [poisoned by a water moccasin]
  8468 | D:8      | HP: 6/74 [poisoned by a water moccasin]
  8474 | D:8      | HP: 7/74 [poisoned by a water moccasin]
  8480 | D:8      | HP: 7/74 [poisoned by a water moccasin]
  8658 | D:8      | Reached skill level 3 in Charms
  8729 | D:8      | Found a blossoming altar of Fedhas.
  9220 | D:9      | Found Mastav's Armour Shoppe.
  9223 | D:9      | Reached XP level 10. HP: 79/82 MP: 8/17
  9246 | D:9      | Bought a +1 pair of gloves of dexterity for 214 gold pieces
  9266 | D:9      | HP: 49/98 [hornet (3)]
  9269 | D:9      | Reached skill level 3 in Necromancy
  9271 | D:9      | HP: 32/99 [poisoned by a hornet]
  9277 | D:9      | HP: 36/99 [poisoned by a hornet]
  9283 | D:8      | HP: 36/99 [poisoned by a hornet]
  9289 | D:8      | HP: 36/99 [poisoned by a hornet]
  9295 | D:8      | HP: 37/99 [poisoned by a hornet]
  9301 | D:8      | HP: 37/99 [poisoned by a hornet]
  9567 | D:9      | Reached skill level 9 in Unarmed Combat
  9571 | D:9      | Reached *** piety under Cheibriados
  9583 | D:9      | HP: 40/83 [yak (14)]
  9590 | D:9      | HP: 17/83 [yak (12)]
  9675 | D:9      | HP: 37/83 [centaur/arrow (10)]
  9683 | D:9      | Reached skill level 6 in Fighting
  9937 | D:8      | Reached skill level 5 in Ice Magic
 10038 | D:9      | Found Xirergh's Antique Weapon Shoppe.
 10069 | D:9      | Reached skill level 4 in Dodging
 10069 | D:9      | HP: 50/100 [centaur skeleton (5)]
 10405 | D:9      | Found Sustragiz's Gadget Shoppe.
 10588 | D:9      | Noticed Erolcha
 10604 | D:9      | Killed Erolcha
 10604 | D:9      | Reached skill level 7 in Fighting
 10604 | D:9      | Reached skill level 8 in Transmutations
 10706 | D:9      | Found Jusiblec's Assorted Antiques.
 10714 | D:9      | Bought a scroll labeled WEZIGU PAOKH for 30 gold pieces
 10714 | D:9      | Bought a dark potion for 27 gold pieces
 10714 | D:9      | Bought a gold wand for 120 gold pieces
 10714 | D:9      | Bought a bubbling yellow potion for 27 gold pieces
 10714 | D:9      | Bought a scroll of magic mapping for 105 gold pieces
 10800 | D:9      | HP: 43/86 [ogre/+0 giant spiked club (12)]
 10802 | D:9      | Reached **** piety under Cheibriados
 11098 | D:10     | Entered Level 10 of the Dungeon
 11106 | D:10     | Reached skill level 10 in Unarmed Combat
 11214 | D:10     | Found a staircase to the Lair.
 11282 | D:10     | Reached skill level 1 in Invocations
 11287 | D:10     | Reached XP level 11. HP: 70/92 MP: 0/18
 11439 | D:10     | HP: 43/92 [orc warrior/+0 hand axe (13)]
 11441 | D:10     | Reached skill level 5 in Dodging
 11691 | D:10     | Noticed a two-headed ogre
 11698 | D:10     | Killed a two-headed ogre
 11698 | D:10     | Reached skill level 2 in Invocations
 11870 | D:10     | Noticed a purple ugly thing
 11879 | D:10     | Killed a purple ugly thing
 12141 | Lair:1   | Entered Level 1 of the Lair of Beasts
 12147 | Lair:1   | Found a transporter.
 12168 | Lair:1   | Reached ***** piety under Cheibriados
 12330 | Lair:1   | Noticed an eight-headed hydra
 12338 | Lair:1   | Killed an eight-headed hydra
 12338 | Lair:1   | Reached skill level 3 in Invocations
 12914 | Lair:2   | Noticed an oklob plant
 12924 | Lair:2   | Killed an oklob plant
 12924 | Lair:2   | Reached skill level 8 in Fighting
 12930 | Lair:2   | Reached skill level 9 in Transmutations
 12938 | Lair:2   | HP: 30/94 [komodo dragon (22)]
 12944 | Lair:2   | HP: 20/94 [poisoned by a spiny frog]
 12951 | Lair:2   | HP: 22/94 [poisoned by a spiny frog]
 12958 | Lair:2   | HP: 31/94 [poisoned by a spiny frog]
 12967 | Lair:1   | HP: 32/94 [poisoned by a spiny frog]
 13256 | Lair:2   | Reached skill level 4 in Invocations
 13269 | Lair:2   | Reached skill level 6 in Dodging
 13317 | Lair:2   | Found a staircase to the Swamp.
 13326 | Lair:2   | HP: 40/95 [bog body (17)]
 13336 | Lair:2   | HP: 39/95 [water moccasin (5)]
 13736 | Lair:2   | Noticed a seven-headed hydra
 13740 | Lair:2   | HP: 42/95 [eight-headed hydra (18)]
 13742 | Lair:2   | Killed an eight-headed hydra
 14053 | Lair:2   | Reached skill level 5 in Invocations
 14053 | Lair:2   | Reached XP level 12. HP: 68/103 MP: 10/19
 14314 | Lair:3   | Noticed an eight-headed hydra
 14321 | Lair:3   | HP: 59/123 [eight-headed hydra (14)]
 14322 | Lair:3   | Killed an eight-headed hydra
 14322 | Lair:3   | Reached skill level 9 in Fighting
 14322 | Lair:3   | Reached skill level 11 in Unarmed Combat
 14797 | Lair:3   | HP: 45/104 [wolf (11)]
 15817 | Lair:4   | Found a gate leading to a gauntlet.
 15824 | Gauntlet | Entered a Gauntlet
 15824 | Gauntlet | Found a transporter.
 15824 | Gauntlet | Found a transporter.
 15828 | Gauntlet | Found a transporter.
 15828 | Gauntlet | Found a transporter.
 15840 | Gauntlet | Found a transporter.
 15845 | Gauntlet | Found a transporter.
 15848 | Gauntlet | Found a transporter.
 15851 | Gauntlet | Found a transporter.
 15880 | Gauntlet | Found a transporter.
 15881 | Gauntlet | Noticed a hell beast
 15887 | Gauntlet | Found a transporter.
 15889 | Gauntlet | Found a large runed translucent door.
 15890 | Gauntlet | Found a large runed translucent door.
 15915 | Gauntlet | Found a large runed translucent door.
 15927 | Gauntlet | Found a transporter.
 15952 | Gauntlet | Found a transporter.
 15962 | Gauntlet | Found a transporter.
 15964 | Gauntlet | Found a large runed translucent door.
 15964 | Gauntlet | Found a large runed translucent door.
 15965 | Gauntlet | Found a large runed translucent door.
 15965 | Gauntlet | Found a large runed translucent door.
 15966 | Gauntlet | Found a runed translucent door.
 15966 | Gauntlet | Found a large runed translucent door.
 15966 | Gauntlet | Found a runed translucent door.
 15966 | Gauntlet | Found a large runed translucent door.
 15966 | Gauntlet | Found a large runed translucent door.
 15969 | Gauntlet | Found a large runed translucent door.
 15969 | Gauntlet | Found a large runed translucent door.
 15970 | Gauntlet | Found a large runed translucent door.
 15970 | Gauntlet | Found a large runed translucent door.
 15972 | Gauntlet | Found a large runed translucent door.
 15972 | Gauntlet | Found a large runed translucent door.
 15974 | Gauntlet | Found a runed translucent gate.
 15974 | Gauntlet | Found a runed translucent gate.
 15974 | Gauntlet | Found a runed translucent gate.
 15975 | Gauntlet | Noticed a death scarab
 15976 | Gauntlet | Found a transporter.
 15985 | Gauntlet | Noticed a death scarab
 16074 | Gauntlet | Found a transporter.
 16096 | Gauntlet | Found a transporter.
 16272 | Gauntlet | Killed a death scarab
 16274 | Gauntlet | HP: 48/104 [death scarab (16)]
 16275 | Gauntlet | Killed a death scarab
 16276 | Gauntlet | Reached skill level 7 in Dodging
 16276 | Gauntlet | Reached skill level 6 in Invocations
 16282 | Gauntlet | Got a pair of fine gloves
 16288 | Gauntlet | Identified the +1 pair of gloves of Kikubaaqudgha's Hope
                  | {rPois Str+2 Int-5 Dex+4} (You found it in a Gauntlet)
 16502 | Gauntlet | Reached skill level 10 in Transmutations
 16679 | Gauntlet | Noticed a minotaur
 16691 | Gauntlet | HP: 25/105 [minotaur/+3 morningstar of protection (29)]
 16693 | Gauntlet | Killed a minotaur
 17035 | Lair:4   | Noticed a death yak
 17164 | Lair:4   | Found a staircase to the Snake Pit.
 17412 | Lair:4   | Noticed a death yak
 17412 | Lair:4   | Noticed a death yak
 17421 | Lair:4   | Killed a death yak
 17421 | Lair:4   | Reached skill level 10 in Fighting
 17422 | Lair:4   | Noticed a death yak
 17423 | Lair:4   | Noticed a death yak
 17424 | Lair:4   | Killed a death yak
 17425 | Lair:4   | Noticed a death yak
 17429 | Lair:4   | HP: 47/106 [death yak (26)]
 17434 | Lair:4   | Killed a death yak
 17434 | Lair:4   | Reached skill level 7 in Invocations
 17435 | Lair:4   | HP: 35/106 [death yak (4)]
 17437 | Lair:4   | Killed a death yak
 17437 | Lair:4   | Reached XP level 13. HP: 31/113 MP: 12/21
 17441 | Lair:4   | Reached skill level 12 in Unarmed Combat
 17444 | Lair:4   | HP: 18/113 [death yak (24)]
 17447 | Lair:4   | Mangled by a death yak

Vanquished Creatures
  A minotaur (Gauntlet)
  Erolcha (D:9)
  3 hydras
  A two-headed ogre (D:10)
  5 death yaks (Lair:4)
  2 death scarabs (Gauntlet)
  A spectral death yak (Gauntlet)
  A glowing orange brain (Gauntlet)
  An oklob plant (Lair:2)
  3 ugly things
  4 elephants (Lair:2)
  A black mamba (Lair:4)
  4 spiny frogs
  4 komodo dragons
  3 trolls
  5 hippogriffs
  2 hornets
  2 bog bodies (Lair:2)
  A spectral black mamba (Gauntlet)
  A wyvern (D:8)
  A centaur simulacrum (Gauntlet)
  14 yaks
  A basilisk (Lair:2)
  Menkaure (D:7)
  5 water moccasins
  7 porcupines
  5 orc warriors
  3 sky beasts
  2 eyes of draining (D:10)
  2 phantoms
  7 ogres
  3 wolves (Lair:3)
  An ice beast (D:6)
  7 crocodiles
  5 centaurs
  A big kobold (D:10)
  8 bullfrogs
  A wyvern skeleton (D:6)
  3 scorpions
  10 killer bees
  3 wights (D:6)
  2 howler monkeys
  A bullfrog zombie (D:7)
  6 crimson imps
  A wyvern simulacrum (Gauntlet)
  3 hounds
  4 orc priests
  A centaur skeleton (D:9)
  4 jellies
  8 orc wizards
  2 bullfrog skeletons
  An iguana (D:4)
  A merfolk siren (Sewer)
  8 worker ants
  A merfolk avatar (Sewer)
  A statue (D:5)
  A bullfrog simulacrum (Gauntlet)
  A hound skeleton (D:9)
  A worker ant zombie (D:10)
  Robin (D:4)
  16 adders
  4 river rats (Sewer)
  2 shadow imps
  3 oozes
  An adder skeleton (D:4)
  3 worms
  3 dart slugs
  11 leopard geckos
  45 orcs
  8 ball pythons
  10 giant cockroaches
  23 goblins
  8 hobgoblins
  6 jackals
  7 quokkas
  5 bats
  8 frilled lizards
  A jackal skeleton (D:6)
  13 kobolds
  A leopard gecko skeleton (D:4)
  A quokka skeleton (D:4)
  28 rats
  A plant (D:10)
392 creatures vanquished.

Vanquished Creatures (collateral kills)
  Edmund (D:4)
  A crocodile (Lair:2)
  A ball python (Sewer)
  A frilled lizard (D:2)
4 creatures vanquished.

Grand Total: 396 creatures vanquished

Table legend:
 A = Turns spent in this place as a percentage of turns spent in the entire game.
 B = Non-inter-level travel turns spent in this place as a percentage of non-inter-level travel turns spent in the entire game.
 C = Inter-level travel turns spent in this place as a percentage of turns spent in this place.
 D = Turns resting spent in this place as a percentage of non-inter-level travel turns spent in this place.
 E = Turns spent auto-exploring this place as a percentage of non-inter-level travel turns spent in this place.
 F = Non-inter-level travel turns spent in this place divided by the number of levels of this place that you've seen.
                   A       B       C       D       E      F
               +-------+-------+-------+-------+-------+----------------------
         Total | 100.0 | 100.0 |   2.4 |  39.6 |  44.1 | 1064.1
       Dungeon |  66.2 |  65.9 |   2.8 |  41.8 |  41.7 | 1122.5
          Lair |  23.5 |  23.5 |   2.4 |  30.1 |  58.5 | 1000.2
         Sewer |   3.4 |   3.5 |   0.0 |  35.1 |  25.5 | 592.0
      Gauntlet |   6.9 |   7.1 |   0.0 |  52.3 |  27.3 | 1207.0
               +-------+-------+-------+-------+-------+----------------------
